 Dungeon Crawl Stone Soup version 0.30.1-11-g7821555f0a (webtiles) character file.

Game seed: 18066718831179173630

5828 jfcaron the Magician (level 10, -4/76 HPs)
             Began as a Gnoll Fire Elementalist on Nov 8, 2023.
             Was an Initiate of Vehumet.
             Engulfed by a cloud of flame (12 damage)
             ... on level 6 of the Dungeon.
             The game lasted 00:21:49 (9317 turns).

jfcaron the Magician (Gnoll Fire Elementalist)      Turns: 9317, Time: 00:21:50

Health: -4/76      AC:  7    Str: 13    XL:     10   Next: 80%
Magic:  21/21      EV: 14    Int: 20    God:    Vehumet [......]
Gold:   351        SH:  0    Dex: 12    Spells: 9/24 levels left

rFire   . . .        a - +0 dagger (venom)
rCold   . . .        (no shield)
rNeg    . . .        d - +0 leather armour
rPois   .            T - +2 hat
rElec   .            N - scarf {repulsion}
rCorr   +            (no gloves)
SInv    .            g - +0 pair of boots
Will    .....        E - amulet of the acrobat
Stlth   +++          h - +6 ring of strength
HPRegen 0.32/turn    P - ring of resist corrosion
MPRegen 0.17/turn

%: repel missiles, acrobat
@: no status effects
A: fangs 1, strong nose, distributed training
a: Renounce Religion


You were on level 6 of the Dungeon.
You worshipped Vehumet.
Vehumet was noncommittal.
You visited 2 branches of the dungeon, and saw 9 of its levels.

You collected 552 gold pieces.
You spent 201 gold pieces at shops.

Inventory:

Hand Weapons
 a - a +0 dagger of venom (weapon)
   (You took it off a goblin on level 1 of the Dungeon)
 b - a +0 sling of electrocution
   (You took it off Joseph on level 7 of the Dungeon)
 c - a +0 dagger
 e - a +1 whip of draining
   (You found it on level 1 of the Dungeon)
 i - a +2 flail of protection
   (You took it off an orc on level 4 of the Dungeon)
 l - a +4 halberd
 m - a +1 spear of venom
   (You took it off a gnoll on level 4 of the Dungeon)
 o - a +2 hand axe of freezing
   (You took it off an orc on level 8 of the Dungeon)
 q - a +1 spectral club
   (You took it off Jessica on level 2 of the Dungeon)
 z - a +0 great sword of electrocution
   (You took it off a centaur on level 5 of the Dungeon)
 Q - a +0 dagger of flaming
   (You took it off an orc wizard on level 8 of the Dungeon)
Missiles
 j - 69 stones
 r - 12 poisoned darts
 A - 4 javelins
 S - 4 boomerangs
Armour
 d - a +0 leather armour (worn)
 g - a +0 pair of boots (worn)
 D - a scarf of resistance
   (You found it on level 5 of the Dungeon)
 N - a scarf of repulsion (worn)
   (You found it on level 7 of the Dungeon)
 T - a +2 hat (worn)
Magical Staves
 C - a staff of poison
   (You found it on level 5 of the Dungeon)
 O - the staff of conjuration "Boppao Vusu" {Str+5 Dex+4}
   (You found it on level 7 of the Dungeon)

   [staff of conjuration]

   Base accuracy: +5 Base damage: 5 Base attack delay: 1.2 This weapon's minimum
   attack delay (0.6) is reached at skill level 12.
   Str:       It affects your strength (+5).
   Dex:       It affects your dexterity (+4).
   It falls into the 'Staves' category.
   It is a one-handed weapon.
Jewellery
 h - a +6 ring of strength (left hand)
   (You found it on level 1 of the Dungeon)
 E - an amulet of the acrobat (around neck)
   (You found it on level 6 of the Dungeon)
 P - a ring of resist corrosion (right hand)
Wands
 p - a wand of quicksilver (8)
   (You took it off Jessica on level 2 of the Dungeon)
 s - a wand of iceblast (10)
 w - a wand of paralysis (1)
 L - a wand of polymorph (4)
Scrolls
 u - 4 scrolls of teleportation
 y - 2 scrolls of enchant weapon
 B - a scroll of magic mapping
 F - 2 scrolls of enchant armour
 I - 2 scrolls of blinking
 J - a scroll of immolation
 K - a scroll of poison
 U - a scroll of amnesia
Potions
 f - 4 potions of mutation
 k - 2 potions of cancellation
 n - 3 potions of lignification
 t - a potion of ambrosia
 v - 2 potions of heal wounds
 x - 5 potions of haste
 G - a potion of berserk rage
 H - a potion of brilliance
 M - 2 potions of magic
 R - 6 potions of curing
 V - a potion of resistance


   Skills:
 + Level 5.8 Fighting
 + Level 5.8 Short Blades
 + Level 5.8 Long Blades
 + Level 5.8 Axes
 + Level 5.8 Maces & Flails
 + Level 5.8 Polearms
 + Level 5.8 Staves
 + Level 5.8 Ranged Weapons
 + Level 5.8 Throwing
 + Level 5.8 Armour
 + Level 7.5 Dodging
 + Level 7.2 Stealth
 + Level 5.8 Shields
 + Level 5.8 Unarmed Combat
 + Level 7.8 Spellcasting
 + Level 5.3 Conjurations
 + Level 4.8 Hexes
 + Level 4.8 Summonings
 + Level 4.8 Necromancy
 + Level 4.8 Translocations
 + Level 4.8 Transmutations
 + Level 7.4 Fire Magic
 + Level 4.8 Ice Magic
 + Level 4.8 Air Magic
 + Level 4.8 Earth Magic
 + Level 4.8 Poison Magic
 + Level 6.4 Invocations
 + Level 5.8 Evocations


You had 9 spell levels left.
You knew the following spells:

 Your Spells              Type           Power      Damage    Failure   Level
a - Foxfire               Conj/Fire      100%       2x1d9     1%          1
b - Scorch                Fire           74%        2d8       1%          2
c - Volatile Blastmotes   Fire/Tloc      64%        2d15      2%          3
d - Flame Wave            Conj/Fire      33%        2d10      8%          4
e - Hailstorm             Conj/Ice       28%        3d8       4%          3
f - Ensorcelled Hibernat  Hex/Ice        54%        N/A       2%          2

Your spell library contained the following spells:

 Spells                   Type           Power      Damage    Failure   Level
 Beastly Appendage        Tmut           54%        N/A       1%          1
 Wereblood                Tmut           27%        N/A       2%          2
 Inner Flame              Hex/Fire       32%        N/A       2%          3
 Spider Form              Tmut/Pois      27%        N/A       4%          3
 Anguish                  Hex/Necr       13%        N/A       14%         4
 Cause Fear               Hex            13%        N/A       14%         4
 Fireball                 Conj/Fire      16%        3d8       22%         5
 Summon Mana Viper        Hex/Summ       27%        N/A       38%         5
 Starburst                Conj/Fire      16%        6d6       77%         6
 Plasma Beam              Fire/Air       16%        2x1d30    80%         6
 Malign Gateway           Summ/Tloc      13%        N/A       100%        7
 Summon Horrible Things   Summ           13%        N/A       100%        8


Dungeon Overview and Level Annotations

Branches:
Dungeon (8/15)             Temple (1/1) D:7
   Lair: D:8-11

Altars:
Ashenzari
Cheibriados
Dithmenos
Elyvilon
Fedhas
Gozag
Hepliaklqana
Kikubaaqudgha
Makhleb
Nemelex Xobeh
Okawaru
Qazlal
Ru
Sif Muna
Trog
Uskayaw
Vehumet
Wu Jian
Xom
Yredelemnul
Zin
The Shining One

Shops:
D:7 ?   D:8 (

Annotations:
D:6 1 transporter
D:8 2 runed translucent doors


Innate Abilities, Weirdness & Mutations

You have very sharp teeth.
Your uncanny sense of smell can sniff out nearby items.
Your experience applies equally to all skills.


Message History

There is a stone staircase leading down here.
You climb downwards.
There is a stone staircase leading up here.
There is a stone staircase leading up here.
There is a stone staircase leading down here.
You climb downwards.
There is a stone staircase leading up here.
There is a stone staircase leading down here.
You climb downwards.
Level annotation: 2 transporters
There is a stone staircase leading up here.
There is a transporter here.
There is a transporter here.
Okay, then.
Memorise Ensorcelled Hibernation, consuming 2 spell levels and leaving 9?
You start memorising the spell.
You continue memorising. x2
You finish memorising.
Spell assigned to 'f'.
You enter the transporter and appear at another place.
V - a potion of resistance You open the gate.
You are engulfed in blazing flames.
There is an open gate here.
The helpless fire bat fails to defend itself.
You stick the fire bat like a pincushion!!!
You kill the fire bat!
Vehumet accepts your kill.
You are engulfed in blazing flames.
Search for what [Enter for "alarm", or ? for help]? rF+ Unknown command.
You are engulfed in blazing flames.
Keep disrobing?
You start removing your armour.
You continue taking off your scarf of repulsion.
You are engulfed in blazing flames.
You continue taking off your scarf of repulsion.
You are engulfed in blazing flames.
* * * LOW HITPOINT WARNING * * *
You continue taking off your scarf of repulsion.
You are engulfed in blazing flames.
You die...

###......###....................#
#####.........................).#
<####......#....................#
.......#####....................#
...##### #...................##
..## #...#######.........## .##
########○○☼○☼#..........# .#
#°°○°°○#.○○☼°#..........# ##
####○°°°°°#@○°○○#.......##.. ##
##..#..#.#.○○○.$?#.....####.. .#
#..©#○.©...'○°.$©#©..### ##. .##
#...#☼°#.#.'☼○.$$#..## #.
..###...#.°○.☼○#○☼○○○#### ##
......###☼☼.○○○#°☼○○°## ####.
...#### ########°☼○°○# ###....
....# ####### ####.....# ....##
#..###.....####


There were no monsters in sight!

Vanquished Creatures
  A two-headed ogre (D:8)
  Joseph (D:7)
  5 yaks (D:8)
  The ghost of lonewolfV2 the Trooper, an amateur MiFi (D:3)
  2 wyverns (D:8)
  A fire bat (D:6)
  Menkaure (D:4)
  Duvessa (D:7)
  6 water moccasins
  3 orc warriors
  2 ice beasts (D:7)
  2 black bears
  An ogre (D:7)
  A centaur (D:5)
  3 phantoms
  4 bullfrogs
  A gnoll sergeant (D:6)
  7 scorpions
  Dowan (D:7)
  3 orc priests
  A gnoll bouda (D:7)
  2 jellies
  3 hounds
  A sleepcap (D:6)
  Jessica (D:2)
  5 iguanas
  8 orc wizards
  15 adders
  12 gnolls
  2 white imps
  A worm (D:6)
  A dart slug (D:1)
  21 orcs
  7 bats (D:4)
  4 endoplasms
  4 giant cockroaches
  5 hobgoblins
  9 jackals
  4 quokkas
  9 ball pythons
  5 frilled lizards
  6 goblins
  8 kobolds
  3 rats
  412 foxfires
596 creatures vanquished.

Notes
Turn   | Place    | Note
-------+----------+-------------------------------------------
     0 | D:1      | jfcaron the Gnoll Fire Elementalist began the quest for the
                  | Orb.
     0 | D:1      | Reached XP level 1. HP: 13/13 MP: 6/6
   180 | D:1      | Reached XP level 2. HP: 20/20 MP: 3/7
   188 | D:1      | Learned a level 2 spell: Scorch
   827 | D:2      | Noticed Jessica
   830 | D:2      | Reached skill level 5 in Spellcasting
   830 | D:2      | Reached XP level 3. HP: 25/25 MP: 4/9
   831 | D:2      | Killed Jessica
   832 | D:2      | Reached skill level 1 in Fighting
   832 | D:2      | Reached skill level 1 in Short Blades
   832 | D:2      | Reached skill level 1 in Long Blades
   832 | D:2      | Reached skill level 1 in Axes
   832 | D:2      | Reached skill level 1 in Maces & Flails
   832 | D:2      | Reached skill level 1 in Polearms
   832 | D:2      | Reached skill level 1 in Staves
   832 | D:2      | Reached skill level 1 in Ranged Weapons
   832 | D:2      | Reached skill level 1 in Throwing
   832 | D:2      | Reached skill level 1 in Armour
   832 | D:2      | Reached skill level 1 in Shields
   832 | D:2      | Reached skill level 1 in Unarmed Combat
   832 | D:2      | Reached skill level 1 in Invocations
   832 | D:2      | Reached skill level 1 in Evocations
   881 | D:2      | Reached XP level 4. HP: 32/32 MP: 4/11
   985 | D:2      | Found a bloodstained altar of Trog.
  1170 | D:2      | Reached skill level 1 in Hexes
  1170 | D:2      | Reached skill level 1 in Summonings
  1170 | D:2      | Reached skill level 1 in Necromancy
  1170 | D:2      | Reached skill level 1 in Translocations
  1170 | D:2      | Reached skill level 1 in Transmutations
  1170 | D:2      | Reached skill level 1 in Ice Magic
  1170 | D:2      | Reached skill level 1 in Air Magic
  1170 | D:2      | Reached skill level 1 in Earth Magic
  1170 | D:2      | Reached skill level 1 in Poison Magic
  1620 | D:3      | Found a runed translucent door.
  1636 | D:3      | Noticed lonewolfV2's ghost (amateur MiFi)
  1893 | D:3      | Got the Vellum of Spellbinding and the Crevasse
  2219 | D:4      | Noticed Menkaure
  2235 | D:4      | Killed Menkaure
  2236 | D:4      | Reached XP level 5. HP: 21/38 MP: 3/12
  2236 | D:4      | Reached XP level 6. HP: 25/44 MP: 3/13
  2336 | D:4      | Identified a scroll of acquirement
  2336 | D:4      | Acquired a book of Fire
  2342 | D:4      | Learned a level 3 spell: Volatile Blastmotes
  2435 | D:4      | Reached skill level 5 in Dodging
  2589 | D:4      | HP: 7/44 [quokka (4)]
  2703 | D:4      | Reached XP level 7. HP: 51/51 MP: 8/15
  2890 | D:4      | Reached skill level 5 in Stealth
  3451 | D:5      | Entered Level 5 of the Dungeon
  3665 | D:5      | Reached XP level 8. HP: 58/58 MP: 6/16
  3675 | D:5      | HP: 3/58 [orc warrior/+0 glaive (14)]
  4270 | D:5      | Found an ornate altar of the Wu Jian Council.
  4270 | D:5      | Found a glowing golden altar of the Shining One.
  4423 | D:5      | Found an iron altar of Okawaru.
  4423 | D:5      | Found a shimmering blue altar of Sif Muna.
  4626 | D:6      | Found a blossoming altar of Fedhas.
  4791 | D:6      | Learned a level 4 spell: Flame Wave
  4877 | D:6      | Reached XP level 9. HP: 34/65 MP: 6/18
  5456 | D:6      | Found a snail-covered altar of Cheibriados.
  5593 | D:6      | Found a transporter.
  5633 | D:6      | Found a transporter.
  5792 | D:7      | Noticed Duvessa
  5792 | D:7      | Noticed Dowan
  5794 | D:7      | Killed Dowan
  5795 | D:7      | Killed Duvessa
  5945 | D:7      | Found Peaph's Magic Scroll Shoppe.
  5951 | D:7      | Bought a scroll of blinking for 97 gold pieces
  5951 | D:7      | Bought a scroll of immolation for 52 gold pieces
  5951 | D:7      | Bought a scroll of poison for 52 gold pieces
  5994 | D:7      | Reached skill level 5 in Invocations
  6212 | D:7      | Noticed Joseph
  6232 | D:7      | Killed Joseph
  6427 | D:7      | Identified the staff of conjuration "Boppao Vusu" {Str+5
                  | Dex+4}
  6462 | D:7      | Reached skill level 5 in Fighting
  6462 | D:7      | Reached skill level 5 in Short Blades
  6462 | D:7      | Reached skill level 5 in Long Blades
  6462 | D:7      | Reached skill level 5 in Axes
  6462 | D:7      | Reached skill level 5 in Maces & Flails
  6462 | D:7      | Reached skill level 5 in Polearms
  6462 | D:7      | Reached skill level 5 in Staves
  6462 | D:7      | Reached skill level 5 in Ranged Weapons
  6462 | D:7      | Reached skill level 5 in Throwing
  6462 | D:7      | Reached skill level 5 in Armour
  6462 | D:7      | Reached skill level 5 in Shields
  6462 | D:7      | Reached skill level 5 in Unarmed Combat
  6462 | D:7      | Reached skill level 5 in Evocations
  6462 | D:7      | Reached XP level 10. HP: 39/74 MP: 10/20
  6983 | D:7      | Found a staircase to the Ecumenical Temple.
  6992 | Temple   | Entered the Ecumenical Temple
  7202 | Temple   | Became a worshipper of Vehumet
  7226 | D:7      | Learned a level 3 spell: Hailstorm
  7887 | D:8      | Found a large runed translucent door.
  7887 | D:8      | Found a large runed translucent door.
  7936 | D:8      | Found Ticidghe's Weapon Shop.
  7943 | D:8      | Noticed a two-headed ogre
  7954 | D:8      | Reached skill level 5 in Conjurations
  7957 | D:8      | Killed a two-headed ogre
  7973 | D:8      | HP: 10/76 [yak (13)]
  8230 | D:8      | Noticed a red ugly thing
  8231 | D:8      | Noticed a kobold demonologist
  8237 | D:8      | Noticed a kobold demonologist
  8824 | D:8      | Found a shimmering altar of Xom.
  8824 | D:8      | Noticed a cyan ugly thing
  9050 | D:3      | Killed lonewolfV2's ghost
  9305 | D:6      | Learned a level 2 spell: Ensorcelled Hibernation
  9316 | D:6      | HP: 8/76 [something (20)]
  9317 | D:6      | Engulfed by a cloud of flame

Illustrated notes

Levels and vault maps discovered:
D:1:      dpeg_arrival_tiny_k, layout_basic
D:2:      layout_basic, basic_altar, uniq_jessica
D:3:      layout_rooms, ebering_ghost_reflecting_pool, grunt_ministairs_11,
          serial_bayou_ford_a, minivault_11
D:4:      old_forge, layout_rooms, kennysheep_potato, uniq_menkaure
D:5:      layout_cave_pools, amethyst_overflow_temple_binary,
          jmf_multi_god_temple
D:6:      gammafunk_cloud_chamber, layout_cave_pods, cheibrodos_worm_habitat,
          mainiacjoe_overflow_chevrons
D:7:      layout_loops_ring, minmay_temple_entry_slanted, serial_shops, shop,
          minmay_starry_boxes, uniq_joseph, uniq_duvessa
D:8:      due_chaos_kobolds, layout_basic, serial_shops, shop,
          kennysheep_generic_room_13
Temple:   compressed_dpeg_triangle_lava_temple

Skill      XL: |  1  2  3  4  5  6  7  8  9 10 |
---------------+-------------------------------+-----
Conjurations   | 2 3 4 5 |  5.3
Spellcasting   | 5 6 7 |  7.8
Fighting       | 1 2 3 4 5 |  5.8
Short Blades   | 1 2 3 4 5 |  5.8
Long Blades    | 1 2 3 4 5 |  5.8
Axes           | 1 2 3 4 5 |  5.8
Maces & Flails | 1 2 3 4 5 |  5.8
Polearms       | 1 2 3 4 5 |  5.8
Staves         | 1 2 3 4 5 |  5.8
Ranged Weapons | 1 2 3 4 5 |  5.8
Throwing       | 1 2 3 4 5 |  5.8
Armour         | 1 2 3 4 5 |  5.8
Shields        | 1 2 3 4 5 |  5.8
Unarmed Combat | 1 2 3 4 5 |  5.8
Invocations    | 1 2 3 4 5 6 |  6.4
Evocations     | 1 2 3 4 5 |  5.8
Hexes          | 1 2 3 4 |  4.8
Summonings     | 1 2 3 4 |  4.8
Necromancy     | 1 2 3 4 |  4.8
Translocations | 1 2 3 4 |  4.8
Transmutations | 1 2 3 4 |  4.8
Ice Magic      | 1 2 3 4 |  4.8
Air Magic      | 1 2 3 4 |  4.8
Earth Magic    | 1 2 3 4 |  4.8
Poison Magic   | 1 2 3 4 |  4.8
Dodging        | 5 6 7 |  7.5
Stealth        | 5 6 7 |  7.2
Fire Magic     | 6 7 |  7.4

Action                     |  1- 3 |  4- 6 |  7- 9 | 10-12 || total
---------------------------+-------+-------+-------+-------++-------
  Melee: Unarmed           |     2 |       |       |       ||     2
         Dagger            |     1 |    11 |    70 |    35 ||   117
         Punch             |       |     1 |     3 |     2 ||     6
         Bite              |       |     1 |     7 |     5 ||    13
   Fire: Sling             |       |       |    14 |     1 ||    15
   Cast: Foxfire           |    37 |    73 |   111 |    56 ||   277
         Scorch            |     2 |     6 |    35 |    15 ||    58
         Volatile Blastmot |       |       |     7 |     6 ||    13
         Flame Wave        |       |       |     1 |     7 ||     8
         Hailstorm         |       |       |       |     3 ||     3
  Evoke: Wand              |       |     1 |    11 |     2 ||    14
    Use: Scroll            |     1 |     8 |     4 |     3 ||    16
         Potion            |       |     2 |       |       ||     2
   Stab: Paralysed         |       |       |     3 |     1 ||     4
         Sleeping          |       |       |     2 |     1 ||     3
         Distracted        |       |       |       |     1 ||     1
 Armour: Leather armour    |     1 |    10 |    17 |     9 ||    37
  Dodge: Dodged            |     8 |    22 |    69 |    44 ||   143
         Repelled          |       |       |     1 |       ||     1

Table legend: (Time is in decaauts)
 A = Elapsed time spent in this place.
 B = Non-inter-level travel time spent in this place.
 C = Inter-level travel time spent in this place.
 D = Time resting spent in this place.
 E = Time spent auto-exploring this place.
 F = Levels seen in this place.
 G = Mean time per level.
                   A        B        C        D        E       F      G
               +--------+--------+--------+--------+--------+-----+--------+
         Total |   9317 |   8721 |    596 |   2385 |   4946 |   9 | 1035.2 |
       Dungeon |   9088 |   8519 |    569 |   2385 |   4754 |   8 | 1136.0 |
        Temple |    228 |    201 |     27 |      0 |    192 |   1 |  228.0 |
               +--------+--------+--------+--------+--------+-----+--------+

Top non-repeatable levels by time:
     D:7: 1544 daAuts
     D:6: 1379 daAuts
     D:4: 1332 daAuts
     D:8: 1228 daAuts
     D:5: 1063 daAuts
     D:3: 1060 daAuts
     D:1: 774 daAuts
     D:2: 705 daAuts
  Temple: 228 daAuts

Table legend:
 A = Kills in this place as a percentage of kills in the entire game.
 B = Kills by you in this place as a percentage of kills by you in the entire game.
 C = Kills by friends in this place as a percentage of kills by friends in the entire game.
 D = Other kills in this place as a percentage of other kills in the entire game.
 E = Experience gained in this place as a percentage of experience gained in the entire game.
 F = Experience gained in this place divided by the number of levels of this place that you have seen.
                   A       B       C       D       E      F
               +-------+-------+-------+-------+-------+----------------------
         Total | 100.0 | 100.0 |   N/A |   N/A | 100.0 | 925.2
       Dungeon | 100.0 | 100.0 |   N/A |   N/A | 100.0 | 1040.9
               +-------+-------+-------+-------+-------+----------------------

Levels and vault maps discovered:
D:1:      dpeg_arrival_tiny_k, layout_basic
D:2:      layout_basic, basic_altar, uniq_jessica
D:3:      layout_rooms, ebering_ghost_reflecting_pool, grunt_ministairs_11,
          serial_bayou_ford_a, minivault_11
D:4:      old_forge, layout_rooms, kennysheep_potato, uniq_menkaure
D:5:      layout_cave_pools, amethyst_overflow_temple_binary,
          jmf_multi_god_temple
D:6:      gammafunk_cloud_chamber, layout_cave_pods, cheibrodos_worm_habitat,
          mainiacjoe_overflow_chevrons
D:7:      layout_loops_ring, minmay_temple_entry_slanted, serial_shops, shop,
          minmay_starry_boxes, uniq_joseph, uniq_duvessa
D:8:      due_chaos_kobolds, layout_basic, serial_shops, shop,
          kennysheep_generic_room_13
Temple:   compressed_dpeg_triangle_lava_temple
